Zazza, neutral female human Tourist -------- |......| |......-# ------------ -.---.--# --------------- #...........| # ## # |.............| #|..........| # # # |..............# #|..........| ################ |.............|# ###|..........| #### ### ---|----- |.............|# # |..........| # # |.......| -.--.----------#### --.--------- # ###|@......%### # # ## # -------.- #@.......| # ### ### ### |.......| |.......| ### # ## # |.......| |.......| # # #### ##### |.......| |.l.....| ###-----.------ # #--|------- |.......| --------- #-....._....-######....{....| |.......| |..........| # #|........| |....>..| |(.......<..## #.........| --------- ---------.-- ---------- Zazza the Excursionist Experience level: 7 Strength: 17 Dexterity: 12 Constitution: 18 Intelligence: 11 Wisdom: 12 Charisma: 14 Health: 0(68) Energy: 29(29) Def: 8 Gold: 0 Moves: 7273 Dungeon seed: IZOb-F9P2ESOojTT Game ID: Zazza_1535317461 Your Inventory: Weapons a - 21 blessed +2 darts J - 15 +0 darts S - 2 +0 elven daggers (wielded) Armor e - an uncursed +0 elven mithril-coat (being worn) n - a cursed +0 orcish helm (being worn) y - a cursed -1 pair of speed boots (being worn) z - an uncursed +0 elven shield (being worn) C - an uncursed +0 dwarvish cloak (being worn) H - an uncursed +0 Hawaiian shirt (being worn) Comestibles b - an uncursed egg f - 2 uncursed food rations u - an uncursed orange D - an uncursed banana E - an uncursed clove of garlic F - 2 uncursed eggs K - 2 uncursed lembas wafers Z - an uncursed slime mold Scrolls M - a cursed scroll of create monster Rings q - an uncursed ring of free action (on right hand) L - an uncursed ring of invisibility (on left hand) Tools c - an uncursed credit card i - an expensive camera (0:66) k - a magic marker (0:70) m - an uncursed mirror N - an uncursed towel O - a +0 pick-axe Spells and supernatural/magical abilities: Name Level Category Fail Memory W - pray for help -- divine ? -- Your skills at the end: Fighting Skills Weapon Skills dagger [Basic] dart [Basic] Spellcasting Skills Final Attributes: You were piously aligned. You were telepathic. You were invisible. You were very fast. You had free action. You were lucky. You are dead. Vanquished creatures: 2 leprechauns a gnome king a dog a dwarf lord a blue jelly a human zombie a water nymph 3 mountain nymphs 3 Mordor orcs a fog cloud a yellow light a violet fungus 4 gnome lords a gnomish wizard a red naga hatchling a gray ooze a straw golem 3 giant ants a floating eye a kitten 4 dwarves 2 homunculi 2 kobold lords 7 rothes a rabid rat a centipede 3 orc zombies a wererat a werejackal 4 iguanas an acid blob a coyote 8 hobbits a large kobold a hobgoblin a cave spider 3 brown molds 2 green molds 2 red molds 16 gnomes 4 geckos 5 jackals 5 foxes 5 sewer rats 16 grid bugs a bat 5 lichens 2 kobold zombies 6 newts 141 creatures vanquished. Voluntary challenges: You used a wielded weapon 291 times, starting on turn 721. You read items or engraved 8 times, starting on turn 508. You never genocided any monsters. You never polymorphed an object. You changed form 1 time, starting on turn 2236. You used no wishes. You never split a pudding. You wrote Elbereth's name 2 times, starting on turn 2146. You violated your moral code, losing 10 points of alignment, starting on turn 3475. Dungeon overview: The Dungeons of Doom: levels 1 to 9 Level 1 a long staircase Level 2 a general store Level 3 Level 4 (gold) stairs to The Gnomish Mines Level 5 <- You were here an altar to The Lady, a fountain Level 6 many fountains Level 7 stairs to Sokoban Level 8 Level 9 The Gnomish Mines: levels 5 to 6 Level 5 stairs to The Dungeons of Doom Level 6 Sokoban: levels 3 to 6 Level 3 Level 4 Level 5 Level 6 stairs to The Dungeons of Doom History has recorded: On T:1 you entered the Dungeons of Doom to retrieve the Amulet of Yendor! On T:570 you reached level 2 of The Dungeons of Doom. On T:893 you reached level 3 of The Dungeons of Doom. On T:1122 you reached level 4 of The Dungeons of Doom. On T:1206 you advanced to experience level 2. On T:1353 you reached level 5 of The Dungeons of Doom. On T:1447 you advanced to experience level 3. On T:1692 you advanced to experience level 4. On T:1877 you reached level 6 of The Dungeons of Doom. On T:2155 you advanced to experience level 5. On T:2312 you reached level 8 of The Dungeons of Doom. On T:2603 you reached level 9 of The Dungeons of Doom. On T:2725 you reached level 7 of The Dungeons of Doom. On T:3294 you reached level 4 of Sokoban. On T:3846 you reached level 3 of Sokoban. On T:4208 you advanced to experience level 6. On T:4767 you reached level 2 of Sokoban. On T:5375 you reached level 1 of Sokoban. On T:6323 you advanced to experience level 7. On T:6590 you reached level 1 of The Gnomish Mines. On T:6843 you reached level 2 of The Gnomish Mines. Score breakdown: Gold: 0 ( 0 points) Experience: 7 levels (13645 points) Exploration: 9 levels ( 18.75%) (12377 points) Discoveries: 10 items ( 3.36%) ( 5495 points) Valuables value: (no points given unless you survive) Artifact value: 0 ( 0 points) Variety of kills: 49 monsters ( 12.86%) (10758 points) Turncount: 7273 turns (-1908 points) Survival: died (score multiplied by 80%) Total score: 32293 Latest messages: The soldier ant stings! There is an open door here. You see here a kobold lord corpse. Something is written here in the dust. You read: "_ ? ?r". You write in the dust with your fingers. Something is written here in the dust. You read: "ERbereth". You see no objects here. The runed dagger hits it. You miss it. The Woodland-elf wields a runed broadsword! You hit it. (2x) The Woodland-elf swings her runed broadsword. The Woodland-elf hits! The Woodland-elf wields an uncursed runed dagger! You begin praying to The Lady. The Woodland-elf swings her runed broadsword. The Woodland-elf hits! You die... Final status: Aloha Zazza the Tourist, killed by a Woodland-elf, while praying... You died in The Dungeons of Doom on dungeon level 5 with 32293 points, and 0 pieces of gold, after 7273 moves. You were level 7 with a maximum of 68 hit points when you died.